 Dungeon Crawl Stone Soup version 0.25.0-15-gac7dcb8919 (webtiles) character file.

Game seed: 1394668852018355037

1769 Peloso the Carver (level 8, -4/70 HPs)
             Began as a Minotaur Fighter on June 29, 2020.
             Slain by an orc warrior
             ... wielding a +0 mace
              (6 damage)
             ... on level 6 of the Dungeon.
             The game lasted 00:08:23 (5448 turns).

Peloso the Carver (Minotaur Fighter)                Turns: 5448, Time: 00:08:24

Health: -4/70      AC: 11    Str: 22    XL:     8   Next: 80%
Magic:  7/7        EV:  7    Int:  5    God:
Gold:   248        SH: 13    Dex: 11    Spells: 7/7 levels left

rFire    . . .     SeeInvis .   a - +0 long sword
rCold    . . .     Gourm    .   c - +2 kite shield
rNeg     . . .     Faith    .   m - +0 chain mail
rPois    .         Spirit   .   (helmet restricted)
rElec    .         Reflect  .   (no cloak)
rCorr    .         Harm     .   l - +0 pair of gloves
MR       .....                  (no boots)
Stlth    ..........             (no amulet)
HPRegen  0.21/turn              (no ring)
MPRegen  0.10/turn              (no ring)

@: mighty
A: retaliatory headbutt, horns 2
a: no special abilities


You were on level 6 of the Dungeon.
You were not hungry.

You visited 1 branch of the dungeon, and saw 6 of its levels.

You collected 248 gold pieces.

Inventory:

Hand Weapons
 a - a +0 long sword (weapon)
Missiles
 o - 20 bolts
Armour
 b - a +0 scale mail
 c - a +2 kite shield (worn)
 l - a +0 pair of gloves (worn)
 m - a +0 chain mail (worn)
Wands
 g - a wand of paralysis (4)
 t - a wand of polymorph (11)
 y - a wand of iceblast (9)
Scrolls
 e - 8 scrolls of identify {unknown}
 h - a scroll of remove curse {unknown}
 j - a scroll of blinking {unknown}
 k - a scroll of fog {unknown}
 n - a scroll of random uselessness {unknown}
 u - a scroll of enchant weapon {unknown}
 w - a scroll of fear {unknown}
Potions
 d - 2 potions of might
 i - 2 potions of curing
 p - a potion of lignification {unknown}
 q - 2 potions of heal wounds {unknown}
 s - a potion of degeneration {unknown}
 v - a potion of magic {unknown}
 x - a potion of mutation {unknown}
Comestibles
 f - 12 rations
 r - 5 chunks of flesh


   Skills:
 + Level 6.0 Fighting
 + Level 8.4 Long Blades
 + Level 7.1 Armour
 + Level 2.7 Dodging
 + Level 0.3 Stealth
 + Level 7.4 Shields
 + Level 1.5 Unarmed Combat


You had 7 spell levels left.
You didn't know any spells.
Your spell library was empty.

Dungeon Overview and Level Annotations

Branches:
Dungeon (6/15)
 Temple: D:4-7

Altars:
Ashenzari
Elyvilon
Fedhas
Gozag
Trog
Vehumet
Xom
Yredelemnul
Zin

Shops:
D:5 *


Innate Abilities, Weirdness & Mutations

You reflexively headbutt those who attack you in melee.
You have a pair of horns on your head.


Message History

You barely miss the orc.
You hit the orc warrior but do no damage.
You block the orc's attack.
The orc warrior hits you with a +0 mace!
Your shield and chain mail prevent you from hitting the orc warrior.
You headbutt the orc warrior.
The orc warrior is moderately wounded.
You block the orc's attack.
The orc warrior hits you with a +0 mace!
* * * LOW HITPOINT WARNING * * *
You hit the orc warrior.
The orc warrior is moderately wounded.
The orc hits you but does no damage.
The orc warrior hits you with a +0 mace!
* * * LOW HITPOINT WARNING * * *
You slash the orc warrior! Your headbutt misses the orc warrior.
The orc warrior is severely wounded.
You block the orc's attack.
The orc warrior hits you with a +0 mace.
You die...

####..............#.....
###.#..........##........#
#.......###....##.........
###..#####................
###.....#...[..............
#...................(......
##.........................
#.........ooo..............
##........@#...............
#..........#o..............
##.........##).............
#.........#....#.#...>....
##.......###...###........
.........###.## ##+###..
......#.#.. .. #.. #..###
.#. #.. .# +..


You could see an orc warrior, an orc priest and an orc.

Vanquished Creatures
  Sigmund (D:6)
  Edmund (D:5)
  A black bear (D:6)
  An ice beast (D:5)
  2 ogres
  A gnoll sergeant (D:3)
  2 bullfrogs
  2 howler monkeys
  3 crimson imps (D:5)
  A centaur zombie (D:5)
  A hound (D:4)
  2 bullfrog skeletons
  6 orc wizards
  2 orc priests (D:4)
  A jelly (D:5)
  2 iguanas
  5 worker ants
  A hound zombie (D:5)
  3 gnolls (D:3)
  6 adders
  3 oozes
  A worm (D:4)
  3 dart slugs
  6 leopard geckos
  25 orcs
  5 giant cockroaches
  6 goblins
  6 hobgoblins
  4 jackals (D:1)
  5 quokkas
  6 bats
  5 frilled lizards
  11 kobolds
  A leopard gecko skeleton (D:4)
  A quokka skeleton (D:4)
  9 rats
141 creatures vanquished.

Notes
Turn   | Place    | Note
-------+----------+-------------------------------------------
     0 | D:1      | Peloso the Minotaur Fighter began the quest for the Orb.
     0 | D:1      | Reached XP level 1. HP: 19/19 MP: 0/0
   104 | D:1      | Reached XP level 2. HP: 24/27 MP: 1/1
   332 | D:1      | Found a shattered altar of Ashenzari.
   419 | D:1      | Reached XP level 3. HP: 32/33 MP: 2/2
   986 | D:2      | Reached skill level 3 in Long Blades
   993 | D:2      | Reached XP level 4. HP: 30/40 MP: 3/3
  1007 | D:2      | Reached skill level 1 in Dodging
  1642 | D:2      | Found a bloodstained altar of Trog.
  1848 | D:2      | Reached XP level 5. HP: 46/46 MP: 4/4
  1945 | D:3      | Found a basalt altar of Yredelemnul.
  2094 | D:3      | Reached skill level 4 in Long Blades
  2094 | D:3      | Reached skill level 5 in Armour
  2401 | D:3      | Reached XP level 6. HP: 53/53 MP: 5/5
  2520 | D:3      | Reached skill level 5 in Long Blades
  2520 | D:3      | Reached skill level 5 in Shields
  2884 | D:3      | Found a radiant altar of Vehumet.
  2884 | D:3      | Found a faded altar of an unknown god.
  2892 | D:3      | Found a faded altar of an unknown god.
  2894 | D:3      | Found a white marble altar of Elyvilon.
  2896 | D:3      | Found a blossoming altar of Fedhas.
  3352 | D:4      | Reached XP level 7. HP: 58/60 MP: 6/6
  3797 | D:4      | Reached skill level 5 in Fighting
  4098 | D:5      | Entered Level 5 of the Dungeon
  4101 | D:5      | Reached skill level 6 in Long Blades
  4209 | D:5      | Found Gozag's Platinum Reserve.
  4280 | D:5      | Noticed Edmund
  4291 | D:5      | Killed Edmund
  4391 | D:5      | Noticed an angel
  4392 | D:5      | Found a glowing silver altar of Zin.
  4392 | D:5      | Found a shimmering altar of Xom.
  4404 | D:5      | Reached XP level 8. HP: 67/69 MP: 7/7
  4414 | D:5      | Reached skill level 7 in Long Blades
  4418 | D:5      | Reached skill level 1 in Unarmed Combat
  4820 | D:5      | Found an opulent altar of Gozag.
  5035 | D:6      | Noticed Sigmund
  5042 | D:6      | Killed Sigmund
  5169 | D:6      | Reached skill level 8 in Long Blades
  5447 | D:6      | HP: 2/70 [orc warrior/+0 mace (10)]
  5448 | D:6      | Slain by an orc warrior

Illustrated notes

Levels and vault maps discovered:
D:1:      dpeg_arrival_shrine, layout_loops_cross,
          chequers_serial_rivers_room_a, minmay_misc_feat_chi,
          minmay_misc_feat_roman, evilmike_ruin_ashenzari
D:2:      layout_basic, hangedman_decor_riveting, bloody_trog
D:3:      layout_loops_ring, chequers_temple_overflow_minitemple,
          yredelemnul_altar_generic
D:4:      layout_loops_ring, first_ration
D:5:      layout_loops_cross, grunt_temple_overflow_order_and_chaos_1,
          nicolae_gozag_zags_fifth_avenue, uniq_edmund
D:6:      layout_cave_pools, minmay_temple_entry_hall, kennysheep_small_square,
          uniq_sigmund

Skill      XL: |  1  2  3  4  5  6  7  8 |
---------------+-------------------------+-----
Shields        | 4 5 6 7 |  7.4
Armour         | 4 5 6 7 |  7.1
Fighting       | 4 5 6 |  6.0
Long Blades    | 3 4 5 6 8 |  8.4
Dodging        | 1 2 |  2.7
Unarmed Combat | 1 |  1.5
Stealth        | |  0.3

Action                   |  1- 3 |  4- 6 |  7- 9 || total
-------------------------+-------+-------+-------++-------
Melee: Long sword        |   102 |   168 |   196 ||   466
       Headbutt          |    15 |    25 |    34 ||    74
       Unarmed           |       |       |     8 ||     8
  Use: Potion            |     3 |       |     1 ||     4
  Eat: Chunk             |       |     8 |     7 ||    15
Armor: Scale mail        |    69 |    78 |    16 ||   163
       Chain mail        |       |       |    55 ||    55
       Skin              |       |       |     3 ||     3
Dodge: Dodged            |    34 |    56 |    44 ||   134
Block: Kite shield       |    78 |   118 |   112 ||   308
       Rpst.: Long sword |    11 |    19 |    12 ||    42
